 Dungeon Crawl Stone Soup version 0.32-a0-733-g1953ddb (webtiles) character file.

Game seed: 2312554128327914718

2567 mskl23 the Thaumaturge (level 9, -2/45 HPs)
             Began as a Deep Elf Fire Elementalist on Mar 16, 2024.
             Was a Follower of Vehumet.
             Slain by Maggie the naga
             ... wielding the +9 lance "Wyrmbane" {slay drac, rPois rF+ rC+ AC+3}
              (29 damage)
             ... on level 7 of the Dungeon.
             The game lasted 00:17:42 (7487 turns).

mskl23 the Thaumaturge (Deep Elf Fire Elementalist) Turns: 7487, Time: 00:17:42

Health: -2/45      AC:  9    Str:  4    XL:     9   Next: 31%
Magic:  12/25      EV: 11    Int: 24    God:    Vehumet [*.....]
Gold:   260        SH:  0    Dex: 16    Spells: 23/28 levels left

rFire   . . .        l - +1 dagger (drain)
rCold   . . .        (no shield)
rNeg    + . .        a - +0 robe
rPois   +            E - +1 helmet {SInv}
rElec   .            i - +2 ratskin cloak {*Rats rPois rN+ Str-1 Int-1 Dex+1}
rCorr   .            (no gloves)
SInv    +            f - +1 pair of boots
Will    .....        r - amulet of the acrobat
Stlth   ++           e - ring of flight
HPRegen 0.27/turn    (no ring)
MPRegen 0.19/turn

%: acrobat
@: lethally poisoned (-2 -> -4), flying
A: no striking features
a: Renounce Religion


You were on level 7 of the Dungeon.
You worshipped Vehumet.
Vehumet was aware of your devotion.
You visited 2 branches of the dungeon, and saw 8 of its levels.
You also visited: Sewer.

You collected 260 gold pieces.

Inventory:

Hand Weapons
 l - a +1 dagger of draining (weapon)
Missiles
 d - 6 curare-tipped darts
 w - 6 poisoned darts
Armour
 a - a +0 robe (worn)
 f - a +1 pair of boots (worn)
 g - a scarf of resistance
 i - the +2 ratskin cloak (worn) {*Rats rPois rN+ Str-1 Int-1 Dex+1}
   (You found it on level 2 of the Dungeon)

   *Rats:     When the wearer is hurt, rats may emerge from it to assist them.
   Str-1:     It affects your strength (-1).
   Int-1:     It affects your intelligence (-1).
   Dex+1:     It affects your dexterity (+1).
   rPois:     It protects you from poison.
   rN+:       It protects you from negative energy.
 s - a +2 cloak of preservation
 E - a +1 helmet of see invisible (worn)
Jewellery
 e - a ring of flight (left hand)
 r - an amulet of the acrobat (around neck)
 t - the macabre finger necklace {Finger+ rN+}
   (You found it in a sewer)

   [amulet of nothing]

   Finger+:   It enables you to equip an extra ring.
   rN+:       It protects you from negative energy.
Wands
 u - a wand of polymorph (2)
 x - a wand of acid (10)
 y - a wand of flame (4)
Scrolls
 c - 2 scrolls of vulnerability
 h - 2 scrolls of fog
 k - 2 scrolls of enchant weapon
 m - 2 scrolls of teleportation
 o - a scroll of poison
 B - a scroll of blinking
 F - a scroll of silence {unknown}
Potions
 b - 2 potions of magic
 j - a potion of haste {unknown}
 n - a potion of mutation {unknown}
 p - 4 potions of curing
 q - a potion of resistance {unknown}
 v - a potion of brilliance {unknown}
 z - a potion of attraction {unknown}
 A - a potion of might {unknown}
 C - 2 potions of invisibility {unknown}
 D - a potion of heal wounds {unknown}
 G - a potion of degeneration {unknown}


   Skills:
 - Level 2.4 Dodging
 - Level 2.4 Stealth
 + Level 10.3 Spellcasting
 + Level 6.1 Conjurations
 - Level 4.1 Translocations
 + Level 8.9 Fire Magic


You had 23 spell levels left.
You knew the following spells:

 Your Spells              Type           Power      Damage    Failure   Level
a - Foxfire               Conj/Fire      100%       2x1d9     1%          1
b - Scorch                Fire           100%       2d9       1%          2
c - Blink                 Tloc           64%        N/A       1%          2

Your spell library contained the following spells:

 Spells                   Type           Power      Damage    Failure   Level
 Sandblast                Erth           24%        2d8       5%          1
 Magic Dart               Conj           100%       1d8       1%          1
 Volatile Blastmotes      Fire/Tloc      86%        2d17      1%          3
 Inner Flame              Hex/Fire       33%        N/A       2%          3
 Flame Wave               Conj/Fire      48%        2d12      2%          4
 Slow                     Hex            48%        N/A       5%          1
 Call Imp                 Summ           24%        N/A       8%          2
 Sublimation of Blood     Necr           12%        N/A       8%          2
 Confusing Touch          Hex            12%        N/A       16%         3
 Vampiric Draining        Necr           12%        2d6       16%         3
 Irradiate                Conj/Alch      13%        3d16      36%         5
 Petrify                  Alch/Erth      12%        N/A       45%         4
 Summon Cactus Giant      Summ           6%         N/A       100%        6


Dungeon Overview and Level Annotations

Branches:
Dungeon (7/15)             Temple (1/1) D:4           Sewer (visited)

Altars:
Ashenzari
Cheibriados
Dithmenos
Elyvilon
Fedhas
Gozag
Hepliaklqana
Nemelex Xobeh
Qazlal
Ru
Sif Muna
Uskayaw
Vehumet
Wu Jian
Xom
Zin

Annotations:
D:5 Edmund
D:7 Maggie


Message History

Okay, then.
Aiming: Polymorph
Press: ? - help, Shift-Dir - straight line, f - Maggie
Aim: Maggie, wielding the +9 lance "Wyrmbane" {slay drac, rPois rF+ rC+ AC+3} and wearing +0 swamp dragon scales (wandering, hasn't noticed you, will become a naga, a blink frog, or a giant cockroach, chance to affect: 49%) Maggie shouts!
Maggie resists with some effort.
Aiming: Polymorph
Press: ? - help, Shift-Dir - straight line, f/p - Maggie
Aim: Maggie, wielding the +9 lance "Wyrmbane" {slay drac, rPois rF+ rC+ AC+3} and wearing +0 swamp dragon scales (will become a naga, a blink frog, or a giant cockroach, chance to affect: 49%) Maggie evaporates and reforms as a naga!
Maggie picks up the +9 lance "Wyrmbane" {slay drac, rPois rF+ rC+ AC+3}.
Maggie wields the +9 lance "Wyrmbane" {slay drac, rPois rF+ rC+ AC+3}.
Flames lash Maggie but do no damage.
Maggie picks up +0 swamp dragon scales.
Maggie wears +0 swamp dragon scales.
Flames lash Maggie.
Maggie resists.
Maggie is lightly wounded.
Maggie's fire resistance burns away.
Maggie spits poison at you. The splash of poison hits you.
You are poisoned.
You resist.
Flames lash Maggie.
Maggie is lightly wounded.
You feel sick.
Flames lash Maggie.
Maggie is heavily wounded.
You feel sick. Maggie hits you but does no damage.
Flames lash Maggie but do no damage.
You feel sick.
Maggie shouts, "Leave me alone!"
Maggie closely misses you.
Flames lash Maggie.
Maggie is heavily wounded.
You feel sick.
Maggie hits you from afar with the +9 lance "Wyrmbane"!
Flames lash Maggie.
Maggie is severely wounded.
You feel sick.
Maggie hits you from afar with the +9 lance "Wyrmbane"!!
Ouch! That really hurt!
You die...

#.###...###....####+ #.#>.#
# #[##...## ######
...####.#).# ..[.)..#
#.#....)..# .......#
#......#..## ....<..##
#..........## .##.....#####
#........#..#
.##.###>....####
#...>....#..### .#..#
#####....#####............#
.#.##
####..@##........##...#
...# ###..N........##...#
..## ###.........###... ..#
##.....@...###.. .##
###.<.##...##.. .#
######.#.5#.. ## #..##..@#
#.#####.. #.# ##.


You could see Maggie the naga (combustible).

Vanquished Creatures
  Grinder (D:3)
  Eustachio (D:3)
  A water moccasin (D:6)
  An orc warrior (D:7)
  Pargi (Sewer)
  2 ice beasts
  A sky beast (D:6)
  An ogre (D:5)
  A black bear (D:5)
  A phantom (D:7)
  2 brain worms (Sewer)
  2 bullfrogs
  2 scorpions
  A wyvern skeleton (D:6)
  5 killer bees (D:7)
  A centaur zombie (D:6)
  2 jellies
  2 bullfrog skeletons (D:6)
  Crazy Yiuf (D:3)
  2 centaur skeletons (D:6)
  A sleepcap (D:6)
  Terence (D:3)
  3 iguanas (D:5)
  5 orc wizards
  A killer bee zombie (D:6)
  3 howler monkey zombies (D:6)
  2 river rats (D:4)
  8 adders
  2 shadow imps
  A white imp (D:5)
  2 dart slugs (D:5)
  2 ribbon worms (D:4)
  18 orcs
  6 ball pythons
  8 bats
  9 endoplasms
  5 giant cockroaches
  10 goblins
  5 hobgoblins
  5 quokkas
  3 frilled lizards
  11 kobolds
  4 rats
146 creatures vanquished.

Vanquished Creatures (others)
  43 foxfires
43 creatures vanquished.

Grand Total: 189 creatures vanquished

Notes
Turn   | Place    | Note
-------+----------+-------------------------------------------
     0 | D:1      | mskl23 the Deep Elf Fire Elementalist began the quest for
                  | the Orb.
     0 | D:1      | Reached XP level 1. HP: 10/10 MP: 6/6
   319 | D:1      | Reached XP level 2. HP: 15/15 MP: 3/8
   490 | D:1      | Learned a level 2 spell: Scorch
  1139 | D:2      | Found the +2 ratskin cloak {*Rats rPois rN+ Str-1 Int-1
                  | Dex+1}
  1225 | D:2      | Reached skill level 4 in Spellcasting
  1303 | D:2      | Reached XP level 3. HP: 19/19 MP: 7/10
  1485 | D:2      | Found a faded altar of an unknown god.
  2245 | D:3      | Reached XP level 4. HP: 24/24 MP: 5/12
  2331 | D:3      | Reached skill level 5 in Spellcasting
  2343 | D:3      | Noticed Terence
  2362 | D:3      | Killed Terence
  2465 | D:3      | Noticed Grinder
  2472 | D:3      | Killed Grinder
  2473 | D:3      | Reached skill level 6 in Spellcasting
  2473 | D:3      | Reached skill level 5 in Fire Magic
  2473 | D:3      | Reached XP level 5. HP: 20/28 MP: 3/16
  2473 | D:3      | Reached XP level 6. HP: 23/32 MP: 3/17
  2748 | D:3      | Noticed an ice beast
  2758 | D:3      | Killed an ice beast
  2759 | D:3      | Reached skill level 7 in Spellcasting
  2849 | D:3      | Learned a level 2 spell: Blink
  2872 | D:3      | Found a snail-covered altar of Cheibriados.
  2974 | D:3      | Found a runed translucent door.
  2975 | D:3      | Noticed Crazy Yiuf
  3032 | D:3      | Found a sparkling altar of Nemelex Xobeh.
  3179 | D:3      | Killed Crazy Yiuf
  3231 | D:4      | Noticed Eustachio
  3240 | D:3      | Killed Eustachio
  3241 | D:3      | Reached XP level 7. HP: 33/36 MP: 10/20
  3464 | D:4      | Found a glowing drain.
  3468 | Sewer    | Entered a sewer
  3506 | Sewer    | Noticed Pargi
  3527 | Sewer    | Killed Pargi
  3588 | Sewer    | Found the macabre finger necklace {Finger+ rN+}
  3591 | Sewer    | Reached skill level 8 in Spellcasting
  3930 | D:4      | Found a white marble altar of Elyvilon.
  4533 | D:4      | Found a staircase to the Ecumenical Temple.
  4545 | Temple   | Entered the Ecumenical Temple
  4573 | Temple   | Became a worshipper of Vehumet
  4847 | D:5      | Entered Level 5 of the Dungeon
  4970 | D:5      | Reached skill level 1 in Translocations
  4970 | D:5      | Reached XP level 8. HP: 41/41 MP: 14/22
  5240 | D:5      | Found a shimmering altar of Xom.
  5251 | D:5      | Found an ornate altar of the Wu Jian Council.
  5251 | D:5      | Found a glowing silver altar of Zin.
  5332 | D:5      | Found a broken altar of Ashenzari.
  5388 | D:5      | Noticed Edmund
  5440 | D:6      | Reached skill level 9 in Spellcasting
  5954 | D:6      | Reached skill level 5 in Conjurations
  5962 | D:6      | Reached * piety under Vehumet
  5962 | D:6      | Offered knowledge of Sandblast by Vehumet.
  6450 | D:6      | Reached XP level 9. HP: 45/45 MP: 19/24
  6932 | D:7      | Reached skill level 10 in Spellcasting
  7234 | D:7      | Noticed Maggie
  7259 | D:7      | HP: 2/45 [Maggie/the +9 lance "Wyrmbane" {slay drac, rPois
                  | rF+ rC+ AC+3} (13)]
  7479 | D:7      | Maggie changed into Maggie the naga
  7479 | D:7      | Noticed Maggie
  7487 | D:7      | Slain by Maggie the naga

Illustrated notes

Levels and vault maps discovered:
D:1:      mrwooster_arrival_statue, layout_loops_cross
D:2:      layout_loops_ring, shapermc_ecumenical_altar_pompeii
D:3:      layout_rooms, mainiacjoe_overflow_alcove_2,
          nemelex_spade_bored_becter, serial_park_tiny_1, kennysheep_cross_room,
          uniq_grinder, uniq_terence, uniq_crazy_yiuf_cottage
D:4:      layout_basic, elyvilon_altar_3, temple_statues,
          gup_sewer_entry_spiral, uniq_eustachio
D:5:      layout_loops_ring, led_xom_imps, nicolae_tso_carved_into_rock,
          nicolae_overflow_hidden_temple, grunt_ministairs_1, minmay_pentangle,
          uniq_edmund
D:6:      layout_rooms, serial_undead, serial_undead_e, serial_undead_a,
          serial_undead_e, serial_undead_a, serial_undead_e, serial_undead_a,
          minmay_stone_trees_medium
D:7:      layout_rooms, marbit_many_paths, kennysheep_generic_room_8,
          uniq_maggie
Temple:   grunt_temple_mini_profane

Skill      XL: |  1  2  3  4  5  6  7  8  9 |
---------------+----------------------------+-----
Spellcasting   | 4 6 7 8 9 10 | 10.3
Fire Magic     | 4 5 6 7 8 |  8.9
Conjurations   | 2 3 5 6 |  6.1
Translocations | 1 3 4 |  4.1
Dodging        | |  2.4
Stealth        | |  2.4

Action                     |  1- 3 |  4- 6 |  7- 9 || total
---------------------------+-------+-------+-------++-------
  Melee: Unarmed           |    13 |       |       ||    13
         Punch             |     1 |       |       ||     1
         Dagger            |     7 |    15 |    14 ||    36
   Cast: Foxfire           |    26 |     1 |       ||    27
         Scorch            |    41 |    25 |   190 ||   256
  Evoke: Wand              |       |       |     2 ||     2
    Use: Scroll            |       |       |     6 ||     6
         Potion            |       |       |     1 ||     1
   Stab: Sleeping          |       |       |     3 ||     3
 Armour: Robe              |    12 |    19 |    69 ||   100
  Dodge: Dodged            |    17 |    19 |    75 ||   111

Table legend: (Time is in decaauts)
 A = Elapsed time spent in this place.
 B = Non-inter-level travel time spent in this place.
 C = Inter-level travel time spent in this place.
 D = Time resting spent in this place.
 E = Time spent auto-exploring this place.
 F = Levels seen in this place.
 G = Mean time per level.
                   A        B        C        D        E       F      G
               +--------+--------+--------+--------+--------+-----+--------+
         Total |   7487 |   7172 |    315 |   1091 |   4991 |   9 |  831.9 |
       Dungeon |   7111 |   6844 |    267 |   1052 |   4780 |   7 | 1015.9 |
        Temple |     51 |      3 |     48 |      0 |      0 |   1 |   51.0 |
         Sewer |    324 |    324 |      0 |     39 |    211 |   1 |  324.0 |
               +--------+--------+--------+--------+--------+-----+--------+

Top non-repeatable levels by time:
     D:6: 1485 daAuts
     D:2: 1187 daAuts
     D:4: 1164 daAuts
     D:3: 1071 daAuts
     D:1: 1046 daAuts
     D:5: 585 daAuts
     D:7: 568 daAuts
   Sewer: 324 daAuts
  Temple: 51 daAuts
